 Dungeon Crawl Stone Soup version 0.27-a0-1036-g8e1b44f6bd (webtiles) character file.

Game seed: 1238260998047566059

1802 spiderkeys the Agent of Entropy (level 8, -3/64 HPs)
             Began as a Demonspawn Abyssal Knight on Apr 18, 2021.
             Was a Priest of Lugonu.
             Slain by an ogre
             ... wielding a +0 giant club
              (26 damage)
             ... on level 5 of the Dungeon.
             The game lasted 00:09:27 (5852 turns).

spiderkeys the Agent of Entropy (DsAK)              Turns: 5852, Time: 00:09:28

Health: -3/64      AC: 13    Str: 15    XL:     8   Next: 83%
Magic:  13/13      EV:  7    Int: 14    God:    Lugonu [***...]
Gold:   232        SH:  0    Dex: 12    Spells: 7/7 levels left

rFire    . . .     SeeInvis .   a - +2 spear (protect)
rCold    . . .     Faith    .   (no shield)
rNeg     . . .     Spirit   .   i - +1 chain mail
rPois    .         Reflect  .   s - +0 helmet
rElec    .         Harm     .   f - +0 cloak
rCorr    .         Rampage  .   (no gloves)
Will     .....                  (no boots)
Stlth    ..........             (no amulet)
HPRegen  0.20/turn              L - ring of flight
MPRegen  0.13/turn              (no ring)

@: flying
A: talons 1, ignite blood 1, spiny 2
a: Renounce Religion, Depart the Abyss, Bend Space, Banish


You were on level 5 of the Dungeon.
You worshipped Lugonu.
Lugonu was most pleased with you.
You visited 1 branch of the dungeon, and saw 5 of its levels.
You visited the Abyss 1 time.

You collected 232 gold pieces.


Innate Abilities, Weirdness & Mutations

You have sharp toenails.
Your demonic aura sometimes causes spilled blood to erupt in flames You are mostly covered in sharp spines.


   Skills:
 + Level 5.9 Fighting
 * Level 6.8 Polearms
 + Level 4.9 Armour
 - Level 1.0 Dodging
 + Level 7.0 Invocations


You had 7 spell levels left.
You didn't know any spells.
Your spell library contained the following spells:

 Spells                   Type           Power      Damage    Failure   Level
 Animate Skeleton         Necr           0%         N/A       99%         1
 Pain                     Necr           0%         1d4       99%         1
 Vampiric Draining        Necr           0%         2d6       100%        3
 Animate Dead             Necr           0%         N/A       100%        4
 Agony                    Necr           0%         N/A       100%        5

Inventory:

Hand Weapons
 a - a +2 spear of protection (weapon)
Missiles
 b - 4 boomerangs
 c - 313 stones
 g - 74 sling bullets
 h - 23 bolts
 q - 15 arrows
 r - 18 poisoned darts
Armour
 f - a +0 cloak (worn)
   (You found it on level 3 of the Dungeon)
 i - a +1 chain mail (worn)
   (You found it on level 1 of the Dungeon)
 s - a +0 helmet (worn)
   (You found it on level 3 of the Dungeon)
Jewellery
 L - a ring of flight (left hand)
   (You found it on level 2 of the Abyss)
 Z - a ring of wizardry
   (You found it on level 5 of the Dungeon)
Wands
 k - a wand of flame (26)
   (You found it on level 5 of the Dungeon)
Scrolls
 o - 3 scrolls of teleportation {@r4}
 t - a scroll of brand weapon
 u - a scroll of blinking {!r}
Potions
 d - a potion of berserk rage {!q}
 e - a potion of heal wounds {@q2}
 j - 2 potions of mutation {!q}
 l - a potion of invisibility
 m - a potion of lignification {unknown}
 n - a potion of curing {@q1}
 p - a potion of might {unknown}

Dungeon Overview and Level Annotations

Branches:
Dungeon (5/15)
 Temple: D:4-7

Altars:
Ashenzari
Makhleb
Okawaru
Sif Muna
Vehumet
Wu Jian

Shops:
D:2 ( D:5

( .##..## ##.......
.#....###### ##...# #.
...........# ##....#.. .
..#.....##.## ##...#)#. .8
..#....#....######...##K.. ..
...#..#.............###.#... .#
#...###...........∩.###.#.....
#....###........KO......###.###
#....#..#.......@.............#
#...#....#...............###..#
#.##.....#.########...#### ..)
#..........# ##### .
####......## #.......###
#....>....## #####
#...####...###...## #####
##.........##


You could see a kobold brigand and an ogre.


Message History

A kobold brigand comes into view.
It is wielding a +0 club and quivering poisoned darts.
You hit the iguana. The iguana closely misses you.
You hit the iguana. You claw the iguana, but do no damage.
The iguana bites you. 😕 HP[-1]
You take 1 damage, and now have 52/64 hp.
You hit the iguana. Your kick misses the iguana.
The iguana is struck by your spines. The iguana bites you. 😕 HP[-2]
You take 2 damage, and now have 50/64 hp.
You completely miss the iguana. You claw the iguana, but do no damage.
The iguana barely misses you. 😕 HP[+1]
You barely miss the iguana. You hit the iguana.
The iguana completely misses you.
You hit the iguana.
The iguana bites you but does no damage.
You closely miss the iguana. The iguana is struck by your spines.
You kill the iguana!
Lugonu accepts your kill.
You puncture the centaur! You claw the centaur.
You completely miss the centaur. Your kick misses the centaur.
The centaur unwields a +0 shortbow.
The centaur is struck by your spines. The centaur barely misses you.
The centaur kicks you but does no damage.
You hit the centaur.
The centaur is engulfed in blazing flames.
You kill the centaur!
Lugonu accepts your kill.
Your Invocations skill increases to level 7! 😕 HP[+1]
You reach to attack!
You hit the kobold brigand.
An ogre comes into view. It is wielding a +0 giant club.
You reach to attack!
The ogre shouts!
You puncture the kobold brigand!
The kobold brigand throws a poisoned dart.
The poisoned dart hits you!
You are poisoned.
Reach: a) +2 spear (protect)
Press: ? - help, Dir - move target, f/p - kobold brigand
Aim: a kobold brigand, wielding a +0 club and quivering poisoned darts (heavily wounded, about 40% to evade your +2 spear of protection)
You reach to attack!
You completely miss the kobold brigand.
You feel sick. 😕 HP[-2]
You take 2 damage, and now have 50/64 hp.
Reach: a) +2 spear (protect)
Press: ? - help, Dir - move target, f/p - kobold brigand
Aim: a kobold brigand, wielding a +0 club and quivering poisoned darts (heavily wounded, about 39% to evade your +2 spear of protection)
You reach to attack!
You barely miss the kobold brigand.
You feel sick. 😮 HP[-2]
You take 2 damage, and now have 48/64 hp.
You feel sick. 😮 HP[-1]
You take 1 damage, and now have 47/64 hp.
You feel sick.
The kobold brigand throws a poisoned dart.
The poisoned dart hits you!
You are more poisoned.
Reach: a) +2 spear (protect)
Press: ? - help, Dir - move target, f/p - kobold brigand
Aim: a kobold brigand, wielding a +0 club and quivering poisoned darts (heavily wounded, about 41% to evade your +2 spear of protection)
You reach to attack!
Your chain mail prevents you from hitting the kobold brigand.
You feel very sick. 😮 HP[-3]
You take 3 damage, and now have 44/64 hp.
Reach: a) +2 spear (protect)
Press: ? - help, Dir - move target, f/p - kobold brigand
Aim: a kobold brigand, wielding a +0 club and quivering poisoned darts (heavily wounded, about 39% to evade your +2 spear of protection)
You reach to attack!
You hit the kobold brigand.
Your weapon exudes an aura of protection.
You feel sick.
The kobold brigand throws a poisoned dart.
The poisoned dart hits you.
You are more poisoned. 😮 HP[-1]
You take 1 damage, and now have 43/64 hp.
You feel very sick.
The kobold brigand throws a poisoned dart.
The poisoned dart hits you!
You are more poisoned. 😮 HP[-3]
You take 3 damage, and now have 40/64 hp.
You feel very sick. 😮 HP[-4]
You take 4 damage, and now have 36/64 hp.
You feel better. 😮 HP[+7]
You regained 7 hp, and now have 43/64 hp.
Reach: a) +2 spear (protect)
Press: ? - help, Dir - move target, f/p - kobold brigand
Aim: a kobold brigand, wielding a +0 club and quivering poisoned darts (heavily wounded, about 39% to evade your +2 spear of protection)
The ogre is in the way.
You hit the ogre. You claw the ogre.
The ogre hits you with a +0 giant club!!
* * * LOW HITPOINT WARNING * * *
😨 HP[-20]
You take 20 damage, and now have 23/64 hp.
MASSIVE DAMAGE!! (PAUSE)
The ogre hits you with a +0 giant club!!
You die...

Skill      XL: |  1  2  3  4  5  6  7  8 |
---------------+-------------------------+-----
Dodging        | 1 |  1.0
Polearms       | 2 3 4 6 |  6.8
Armour         | 2 3 4 |  4.9
Invocations    | 4 6 7 |  7.0
Fighting       | 4 5 |  5.9

Action                   |  1- 3 |  4- 6 |  7- 9 || total
-------------------------+-------+-------+-------++-------
Melee: Whip              |    39 |       |       ||    39
       Spear             |    32 |   133 |   145 ||   310
       Kick              |       |    27 |    35 ||    62
Throw: Dart              |       |       |     2 ||     2
Invok: Depart the Abyss  |     1 |       |       ||     1
  Use: Scroll            |     7 |     2 |     6 ||    15
       Potion            |     2 |       |     1 ||     3
 Stab: Sleeping          |     1 |       |       ||     1
Armor: Leather armour    |    11 |       |       ||    11
       Chain mail        |    20 |    52 |    65 ||   137
Dodge: Dodged            |    35 |    32 |    25 ||    92

Levels and vault maps discovered:
D:1:      dpeg_arrival_water_temple_mockup, layout_loops_ring
D:2:      minmay_door_path, layout_loops_ring, basic_ecumenical_altar,
          serial_shops, nicolae_shop_statue_plus, uniq_sigmund
D:3:      layout_rooms, lemuel_crystal_altar
D:4:      layout_cave_pools, lemuel_crystal_altar, lemuel_crystal_altar,
          hangedman_abyss_or_decor_stagger, guppyfry_early_orc_mine,
          uniq_natasha
D:5:      layout_layer_cave, nicolae_tso_besieged_by_evil, minitemple,
          grunt_dithmenos_smoke, serial_shops, shop, minmay_misc_feat_chi,
          minmay_chambers_of_fives, uniq_pikel, uniq_edmund

Notes
Turn   | Place    | Note
-------+----------+-------------------------------------------
     0 | Abyss:1  | spiderkeys the Demonspawn Abyssal Knight began the quest
                  | for the Orb.
     0 | Abyss:1  | Reached XP level 1. HP: 18/18 MP: 2/2
     0 | Abyss:1  | magus.rc [v1.9.10]
    20 | Abyss:1  | You pick up a book of Necromancy and begin reading...
    20 | Abyss:1  | You add the spells Pain, Animate Skeleton, Vampiric
                  | Draining, Animate Dead and Agony to your library.
    49 | Abyss:2  | Noticed a flying skull
    74 | Abyss:2  | Noticed a swamp dragon simulacrum
    93 | Abyss:2  | Noticed a small abomination
    96 | Abyss:2  | Identified the +3 whip of the Singing Dove {protect, rC+
                  | Dex+4}
   101 | Abyss:2  | Noticed an orange demon
   109 | D:1      | You pass through the gate.
   109 | D:1      | Escaped the Abyss
   194 | D:1      | Reached skill level 1 in Dodging
   235 | D:1      | Reached skill level 2 in Polearms
   242 | D:1      | Gained mutation: You are partially covered in sharp spines.
                  | [demonic ancestry]
   242 | D:1      | Reached XP level 2. HP: 19/24 MP: 4/4
   493 | D:1      | Reached skill level 2 in Armour
   695 | D:1      | Reached * piety under Lugonu
  1453 | D:2      | Found Doseogow's Antique Weapon Shop.
  1620 | D:2      | Gained mutation: You are mostly covered in sharp spines.
                  | [demonic ancestry]
  1620 | D:2      | Reached XP level 3. HP: 29/29 MP: 5/5
  1653 | D:2      | Reached skill level 3 in Invocations
  1796 | D:2      | Noticed Sigmund
  1813 | D:2      | Killed Sigmund
  1814 | D:2      | Reached skill level 3 in Polearms
  1814 | D:2      | Reached skill level 4 in Invocations
  1814 | D:2      | Gained mutation: You have sharp toenails. [demonic
                  | ancestry]
  1814 | D:2      | Reached XP level 4. HP: 15/37 MP: 5/7
  1814 | D:2      | Reached XP level 5. HP: 17/42 MP: 5/8
  2322 | D:2      | Found a faded altar of an unknown god.
  2585 | D:3      | Reached skill level 4 in Fighting
  2585 | D:3      | Reached skill level 3 in Armour
  2585 | D:3      | Reached XP level 6. HP: 32/48 MP: 9/9
  2601 | D:3      | Reached ** piety under Lugonu
  2736 | D:3      | Found a radiant altar of Vehumet.
  2961 | D:3      | Reached skill level 4 in Polearms
  3170 | D:4      | Noticed Natasha
  3184 | D:3      | Killed Natasha
  3943 | D:4      | Gained mutation: Your demonic aura sometimes causes spilled
                  | blood to erupt in flames [demonic ancestry]
  3943 | D:4      | Reached XP level 7. HP: 22/55 MP: 10/10
  4133 | D:4      | Found an ornate altar of the Wu Jian Council.
  4151 | D:4      | Reached skill level 5 in Invocations
  4398 | D:3      | Noticed Natasha
  4407 | D:3      | Killed Natasha
  4478 | D:3      | Reached skill level 5 in Polearms
  4719 | D:4      | Found an iron altar of Okawaru.
  5090 | D:3      | Noticed Natasha
  5100 | D:3      | Killed Natasha
  5148 | D:5      | Entered Level 5 of the Dungeon
  5206 | D:5      | Reached *** piety under Lugonu
  5207 | D:5      | Reached skill level 5 in Fighting
  5207 | D:5      | Reached skill level 4 in Armour
  5235 | D:5      | Noticed Pikel
  5302 | D:4      | Killed Pikel
  5303 | D:4      | Reached skill level 6 in Polearms
  5303 | D:4      | Reached skill level 6 in Invocations
  5303 | D:4      | Reached XP level 8. HP: 21/63 MP: 12/12
  5616 | D:5      | Found a shimmering blue altar of Sif Muna.
  5643 | D:5      | Found a broken altar of Ashenzari.
  5647 | D:5      | Found a burning altar of Makhleb.
  5785 | D:5      | Found Kataugea's Antique Weapon Boutique.
  5838 | D:5      | Reached skill level 7 in Invocations
  5852 | D:5      | Slain by an ogre

Vanquished Creatures
  Pikel (D:4)
  Sigmund (D:2)
  2 orc warriors
  A necrophage (D:5)
  A centaur (D:5)
  An ogre (D:4)
  2 phantoms (D:5)
  A water moccasin zombie (D:5)
  2 hounds (D:5)
  5 orc priests
  Natasha (thrice) (D:3)
  2 iguanas
  3 orc wizards
  6 adders
  A worm (D:2)
  A dart slug (D:4)
  24 orcs
  6 bats
  7 endoplasms
  A giant cockroach (D:1)
  6 goblins
  6 hobgoblins
  3 jackals (D:1)
  3 quokkas (D:2)
  3 ball pythons
  3 frilled lizards
  7 kobolds
  5 rats
107 creatures vanquished.

Table legend:
 A = Non-vault XP
 B = Vault XP
 C = Vault XP percentage of total XP
 D = Non-vault monster count
 E = Vault monster count
 F = Vault count percentage of total count
                 A         B        C        D         E       F
            +---------+---------+-------+---------+---------+-------
      Total |    1129 |    1446 |  56.2 |      90 |      17 |  15.9
            +---------+---------+-------+---------+---------+-------
        D:1 |      26 |       0 |   0.0 |      16 |       0 |   0.0
        D:2 |      77 |     243 |  75.9 |      24 |       4 |  14.3
        D:3 |     283 |     180 |  38.9 |      21 |       3 |  12.5
        D:4 |     293 |     694 |  70.3 |      24 |       6 |  20.0
        D:5 |     450 |     329 |  42.2 |       5 |       4 |  44.4
            +---------+---------+-------+---------+---------+-------

Illustrated notes

Table legend:
 A = Kills in this place as a percentage of kills in entire the game.
 B = Kills by you in this place as a percentage of kills by you in the entire game.
 C = Kills by friends in this place as a percentage of kills by friends in the entire game.
 D = Other kills in this place as a percentage of other kills in the entire game.
 E = Experience gained in this place as a percentage of experience gained in the entire game.
 F = Experience gained in this place divided by the number of levels of this place that you have seen.
                   A       B       C       D       E      F
               +-------+-------+-------+-------+-------+----------------------
         Total | 100.0 | 100.0 |   N/A |   N/A | 100.0 | 367.9
       Dungeon | 100.0 | 100.0 |   N/A |   N/A | 100.0 | 515.0
               +-------+-------+-------+-------+-------+----------------------

Table legend: (Time is in decaauts)
 A = Elapsed time spent in this place.
 B = Non-inter-level travel time spent in this place.
 C = Inter-level travel time spent in this place.
 D = Time resting spent in this place.
 E = Time spent auto-exploring this place.
 F = Levels seen in this place.
 G = Mean time per level.
                   A        B        C        D        E       F      G
               +--------+--------+--------+--------+--------+-----+--------+
         Total |   5832 |   5560 |    272 |   1057 |   3629 |   7 |  833.1 |
       Dungeon |   5723 |   5451 |    272 |   1057 |   3594 |   5 | 1144.6 |
         Abyss |    108 |    108 |      0 |      0 |     35 |   2 |   54.0 |
               +--------+--------+--------+--------+--------+-----+--------+

Top non-repeatable levels by time:
     D:3: 1430 daAuts
     D:4: 1403 daAuts
     D:2: 1287 daAuts
     D:1: 1137 daAuts
     D:5: 465 daAuts
 Abyss:2: 78 daAuts
 Abyss:1: 30 daAuts
